 Dungeon Crawl Stone Soup version 0.22-a0-833-g8522bf8125 (webtiles) character file.

136 Htamos the Magician (level 4, -4/24 HPs)
             Began as a Deep Elf Conjurer on July 25, 2018.
             Slain by a hippogriff (5 damage)
             ... on level 3 of the Dungeon.
             The game lasted 00:03:04 (2743 turns).

Htamos the Magician (Deep Elf Conjurer)             Turns: 2743, Time: 00:03:05

Health: -4/24      AC:  2    Str:  5    XL:     4   Next: 98%
Magic:  7/14       EV: 12    Int: 21    God:
Gold:   101        SH:  3    Dex: 15    Spells: 14/15 levels left

rFire    + . .     SeeInvis .   (no weapon)
rCold    + . .     Gourm    .   j - +0 buckler
rNeg     . . .     Faith    .   a - +0 robe
rPois    +         Spirit   .   (no helmet)
rElec    +         Reflect  .   (no cloak)
rCorr    +         Harm     .   (no gloves)
MR       .....                  (no boots)
Stlth    ++........             (no amulet)
HPRegen  0.08/turn              (no ring)
MPRegen  0.14/turn              (no ring)

@: resistant
A: no striking features
a: no special abilities


You were on level 3 of the Dungeon.
You were not hungry.

You visited 1 branch of the dungeon, and saw 3 of its levels.

You collected 101 gold pieces.

Inventory:

Armour
 a - a +0 robe (worn)
 j - a +0 buckler (worn)
Scrolls
 d - a scroll of remove curse {unknown}
 g - 2 scrolls of identify {unknown}
 i - a scroll of noise {unknown}
 k - a scroll of magic mapping {unknown}
 n - a scroll of enchant armour {unknown}
Potions
 b - 3 potions of might {unknown}
 e - a potion of resistance
 f - 2 potions of curing {unknown}
 h - a potion of lignification {unknown}
 l - a potion of magic {unknown}
 m - a potion of flight {unknown}
Comestibles
 c - 4 rations
 o - 7 chunks of flesh


   Skills:
 - Level 2.4 Dodging
 - Level 2.4 Stealth
 * Level 6.0 Spellcasting
 + Level 5.3 Conjurations


You had 14 spell levels left.
You knew the following spells:

 Your Spells              Type           Power        Failure   Level  Hunger
a - Magic Dart            Conj           ####         1%          1    None

Your spell library contained the following spells:

 Spells                   Type           Power        Failure   Level  Hunger
 Iskenderun's Mystic Bla  Conj           ####....     19%         4    ####...
 Fulminant Prism          Conj/Hex       ###.......   47%         4    ####...
 Dazzling Spray           Conj/Hex       ###...       16%         3    ##.....
 Force Lance              Conj/Tloc      ###.....     47%         4    ####...
 Searing Ray              Conj           ####..       2%          2    None


Dungeon Overview and Level Annotations

Branches:
Dungeon (3/15)

Altars:
Hepliaklqana
Xom


Message History

Aim: a hippogriff (lightly wounded)
The magic dart hits the hippogriff.
The hippogriff is lightly wounded.
The hippogriff bites you. The hippogriff barely misses you.
The hippogriff closely misses you.
Casting: Magic Dart (safe; 1% risk of failure)
Confirm with . or Enter, or press ? or * to list all spells.
Aiming: Magic Dart (safe; 1% risk of failure)
Press: ? - help, Shift-Dir - straight line, f/p - hippogriff
Aim: a hippogriff (lightly wounded)
The magic dart hits the hippogriff.
The hippogriff is lightly wounded.
The hippogriff bites you!
* * * LOW HITPOINT WARNING * * *
The hippogriff pecks you but does no damage.
You block the hippogriff's attack. The hippogriff bites you!
* * * LOW HITPOINT WARNING * * *
The hippogriff closely misses you. The hippogriff claws you.
You die...

#.....#......)....#
#####...........#
.............#.#
.....##...###.# #
.#.#......# #.#.#
......#...# #.#.#
.#.#..#...# #.#.#
..... #...# #.#g#
#...# #@#.# # #...#
#H#.#.##
#...###.#....#
#).......#
#........+
#........#
#........# #
#........###.###
####...........#


You could see a hippogriff.

Vanquished Creatures
  2 adders
  3 gnolls (D:3)
  An ooze (D:1)
  2 worms (D:2)
  5 dart slugs
  2 leopard geckos
  2 ball pythons (D:1)
  5 giant cockroaches
  16 goblins
  7 hobgoblins
  4 kobolds
  5 bats
  6 frilled lizards (D:1)
  7 rats
67 creatures vanquished.

Notes
Turn   | Place    | Note
-------+----------+-------------------------------------------
     0 | D:1      | Htamos the Deep Elf Conjurer began the quest for the Orb.
     0 | D:1      | Reached XP level 1. HP: 10/10 MP: 6/6
   212 | D:1      | Reached XP level 2. HP: 15/15 MP: 3/8
   347 | D:1      | Reached skill level 4 in Spellcasting
   583 | D:1      | Reached XP level 3. HP: 19/19 MP: 8/10
  1394 | D:2      | Found a hazy altar of Hepliaklqana.
  1396 | D:2      | Found a shimmering altar of Xom.
  1396 | D:2      | Noticed an insubstantial wisp
  1397 | D:2      | Noticed an insubstantial wisp
  1397 | D:2      | Noticed a spectral ugly thing
  1493 | D:2      | Reached skill level 5 in Spellcasting
  1560 | D:2      | Reached skill level 5 in Conjurations
  1873 | D:2      | Reached XP level 4. HP: 24/24 MP: 7/13
  2724 | D:3      | Noticed a hippogriff
  2739 | D:3      | Reached skill level 6 in Spellcasting
  2743 | D:3      | HP: 1/24 [hippogriff (7)]
  2743 | D:3      | Slain by a hippogriff

Vault maps used:
D:1:      eino_arrival_water_cross, serial_bayou_ford_a, minmay_tripent
D:2:      regret_index_temple_of_mockery
D:3:      serial_glass, glass_columns_a, glass_columns_a, glass_columns_b,
          glass_columns_b, tso_altar

Skill      XL: |  1  2  3  4 |
---------------+-------------+-----
Spellcasting   | 4 5 6 |  6.0
Conjurations   | 5 |  5.3
Dodging        | |  2.4
Stealth        | |  2.4

Action                   |  1- 3 |  4- 6 || total
-------------------------+-------+-------++-------
Melee: Unarmed           |       |     1 ||     1
 Cast: Magic Dart        |    99 |    42 ||   141
  Use: Potion            |       |     1 ||     1
  Eat: Chunk             |     3 |     2 ||     5
Armor: Robe              |     1 |     2 ||     3
Dodge: Dodged            |     3 |     8 ||    11
Block: Buckler           |     1 |     2 ||     3

Table legend:
 A = Spawn XP
 B = Non-spawn XP
 C = Spawn XP percentage of total XP
 D = Spawn monster count
 E = Non-spawn monster count
 F = Spawn count percentage of total count
 G = Total turns spent on level
                    A         B        C        D         E        F      G
               +---------+---------+-------+---------+---------+-------+---------
         Total |       0 |     195 |   0.0 |       0 |      67 |   0.0 |  2743
               +---------+---------+-------+---------+---------+-------+---------
           D:1 |       0 |      63 |   0.0 |       0 |      32 |   0.0 |  1129
           D:2 |       0 |      57 |   0.0 |       0 |      23 |   0.0 |  1319
           D:3 |       0 |      75 |   0.0 |       0 |      12 |   0.0 |   295
               +---------+---------+-------+---------+---------+-------+---------
